 Dungeon Crawl Stone Soup version 0.22.0-38-g04b72b8 (webtiles) character file.

21 Starchild the Cudgeler (level 2, 0/28 HPs)
             Began as a Naga Chaos Knight on Aug 30, 2018.
             Slain by Natasha the sky beast (shapeshifter) (5 damage)
             ... on level 2 of the Dungeon.
             The game lasted 00:02:12 (607 turns).

Starchild the Cudgeler (Naga Chaos Knight)           Turns: 607, Time: 00:02:13

Health: 0/28       AC:  4    Str: 19    XL:     2   Next: 87%
Magic:  2/2        EV:  9    Int: 12    God:    Xom [......]
Gold:   31         SH:  4    Dex: 10    Spells: 1/1 levels left

rFire    . . .     SeeInvis +   a - +0 mace (chaos)
rCold    . . .     Gourm    .   f - +0 buckler
rNeg     . . .     Faith    .   b - +2 leather armour
rPois    +         Spirit   .   (no helmet)
rElec    .         Reflect  .   (no cloak)
rCorr    .         Harm     .   (no gloves)
MR       .....                  (no barding)
Stlth    +.........             (no amulet)
HPRegen  0.09/turn              (no ring)
MPRegen  0.08/turn              (no ring)

@: mighty, short of breath, very slow
A: large, see invisible, deformed body, poison resistance, slowness 2, slow
metabolism 1, spit poison 1, AC +0
a: Spit Poison, Renounce Religion


You were on level 2 of the Dungeon.
You worshipped Xom.
You were a very special plaything of Xom.
You were not hungry.

You visited 1 branch of the dungeon, and saw 2 of its levels.

You collected 31 gold pieces.

Inventory:

Hand Weapons
 a - a +0 mace of chaos (weapon)
Missiles
 g - 19 stones (quivered)
 h - 15 bolts
Armour
 b - a +2 leather armour (worn)
 f - a +0 buckler (worn)
Scrolls
 i - a scroll of noise {unknown}
 j - a scroll of identify {unknown}
 k - a scroll of random uselessness {unknown}
 l - a scroll of enchant weapon {unknown}
Potions
 d - a potion of flight {unknown}
 e - a potion of curing {unknown}
Comestibles
 c - 2 rations


   Skills:
 - Level 3.0 Fighting
 - Level 3.0 Maces & Flails
 - Level 1.5 Armour
 - Level 0.7 Dodging
 + Level 1.9 Shields


You had one spell level left.
You didn't know any spells.
Your spell library was empty.

Dungeon Overview and Level Annotations

Branches:
Dungeon (1/15)

Altars:

Annotations:
D:2 Natasha


Innate Abilities, Weirdness & Mutations

You cannot wear boots.
Your serpentine skin is tough. (AC +0)
You have supernaturally acute eyesight. (SInv)
Armour fits poorly on your strangely shaped body.
Your system is resistant to poisons. (rPois)
You cover ground very slowly.
You have a slow metabolism.
You can spit poison.


Message History

You block the kobold's attack.
You hit the kobold. You burn the kobold.
You kill the kobold!
You hit the jackal. Lightning courses through the jackal!
You kill the jackal!
Natasha the boggart changes into a sky beast!
You block Natasha's attack.
Things that are here:
a kobold corpse; a frilled lizard corpse; a jackal corpse You barely miss Natasha.
Natasha hits you. Natasha shocks you.
* * * LOW HITPOINT WARNING * * *
Press: ? - help, Shift-Dir - straight line, f - Natasha
Aim: Natasha the sky beast shaped shifter The splash of poison misses Natasha.
The splash of poison misses the crimson imp.
You feel slightly more hungry. Natasha hits you.
* * * LOW HITPOINT WARNING * * *
Natasha shocks you.
You die...
Xom giggles madly!

##########
#........#
#.######.#
###......#(#
#....###.#@#
###....#.#Y#
#......#5##
#...###.........
#...............
#....##....K....
#....##.........
#....##.........
..............h..


You could see Natasha the sky beast shaped shifter and a crimson imp.

Vanquished Creatures
  A giant cockroach (D:1)
  3 hobgoblins (D:1)
  4 jackals (D:2)
  2 kobolds
  4 frilled lizards
  3 goblins
  4 rats (D:1)
21 creatures vanquished.

Notes
Turn   | Place    | Note
-------+----------+-------------------------------------------
     0 | D:1      | Starchild the Naga Chaos Knight began the quest for the Orb.
     0 | D:1      | Reached XP level 1. HP: 21/21 MP: 1/1
   171 | D:1      | Reached skill level 1 in Shields
   182 | D:1      | Reached XP level 2. HP: 16/28 MP: 2/2
   216 | D:1      | XOM: harmless Air miscast
   254 | D:1      | XOM: harmless Hex miscast
   557 | D:1      | You fall through a shaft!
   593 | D:2      | Noticed Natasha
   596 | D:2      | Noticed a crimson imp
   597 | D:2      | Noticed Natasha
   597 | D:2      | Natasha changed into Natasha the boggart
   597 | D:2      | XOM: polymorph Natasha -> Natasha the boggart
   600 | D:2      | XOM: potion effect (might)
   604 | D:2      | Noticed Natasha
   604 | D:2      | Natasha the boggart changed into Natasha the sky beast
   607 | D:2      | Slain by Natasha the sky beast (shapeshifter)

Skill      XL: |  1 |
---------------+----+-----
Shields        | 1 |  1.9
Fighting       | |  3.0
Maces & Flails | |  3.0
Armour         | |  1.5
Dodging        | |  0.7

Action                   || total
-------------------------++-------
Melee: Mace              ||    59
 Abil: Spit Poison       ||     3
Armor: Leather armour    ||    19
Dodge: Dodged            ||    23
Block: Buckler           ||     6
